 Dungeon Crawl Stone Soup version 0.25.1-2-g60ff931df9 (webtiles) character file.

Game seed: 7322430501152975530

55 DildoBatman the Conjurer (level 4, -1/30 HPs)
             Began as a Formicid Wizard on Aug 30, 2020.
             Slain by an adder (3 damage)
             ... on level 2 of the Dungeon.
             The game lasted 00:03:33 (1338 turns).

DildoBatman the Conjurer (Formicid Wizard)          Turns: 1338, Time: 00:03:33

Health: -1/30      AC:  2    Str: 12    XL:     4   Next: 14%
Magic:  2/8        EV: 12    Int: 18    God:
Gold:   52         SH:  0    Dex:  9    Spells: 8/9 levels left

rFire    . . .     SeeInvis +   c - +0 short sword
rCold    . . .     Gourm    .   (no shield)
rNeg     . . .     Faith    .   a - +0 robe
rPois    .         Spirit   .   (helmet unavailable)
rElec    .         Reflect  .   (no cloak)
rCorr    .         Harm     .   (no gloves)
MR       .....                  (no boots)
Stlth    ++........             (no amulet)
HPRegen  0.10/turn              (no ring)
MPRegen  0.11/turn              (no ring)

@: no status effects
A: permanent stasis, dig shafts and tunnels, four strong arms, antennae 3
a: Dig, Shaft Self


You were on level 2 of the Dungeon.
You were hungry.

You visited 1 branch of the dungeon, and saw 2 of its levels.

You collected 52 gold pieces.

Inventory:

Hand Weapons
 c - a +0 short sword (weapon)
 h - a +0 whip
 l - a +0 spear
Missiles
 b - 28 stones (quivered)
 i - 31 arrows
Armour
 a - a +0 robe (worn)
Jewellery
 d - an uncursed ring of ice
Scrolls
 e - 2 scrolls of magic mapping {unknown}
 f - a scroll of enchant armour {unknown}
 j - 4 scrolls of teleportation {unknown}
 k - a scroll of remove curse {unknown}
Potions
 g - 2 potions of curing {unknown}
Comestibles
 v - 2 rations


   Skills:
 - Level 1.7 Dodging
 - Level 2.4 Stealth
 - Level 3.2 Spellcasting
 * Level 3.3 Conjurations
   Level 1.0 Summonings
   Level 0.8 Translocations


You had 8 spell levels left.
You knew the following spells:

 Your Spells              Type           Power        Failure   Level  Hunger
c - Magic Dart            Conj           ##..         4%          1    None

Your spell library contained the following spells:

 Spells                   Type           Power        Failure   Level  Hunger
 Call Imp                 Summ           #.......     16%         2    ##.....
 Slow                     Hex            #.......     24%         2    ##.....
 Conjure Flame            Conj/Fire      #.......     24%         3    ###....
 Mephitic Cloud           Conj/Pois/Air  #.......     30%         3    ###....
 Blink                    Tloc           Unusable     N/A         2    N/A

Dungeon Overview and Level Annotations

Branches:
Dungeon (1/15)

Altars:


Innate Abilities, Weirdness & Mutations

You cannot be hasted, slowed, berserked, paralysed or teleported.
You can dig through walls and to a lower floor.
Your four strong arms can wield two-handed weapons with a shield.
You have a pair of large antennae on your head. (SInv)


Message History

The kobold barely misses you. What are your orders? t - Shout!
Orders for allies: a - Attack new target. r - Retreat! s - Stop attacking. g - Guard the area. f - Follow me.
Anything else - Cancel.
You shout for attention!
The adder barely misses you. The goblin completely misses you.
The kobold hits you. What are your orders? t - Shout!
Orders for allies: a - Attack new target. r - Retreat! s - Stop attacking. g - Guard the area. f - Follow me.
Anything else - Cancel.
You shout for attention!
The adder bites you.
You die...

.. ##
.###.
..#!
...
..##
##r..
{
#SK#
#@#
#(g#
#.##
..
#.#
..
###


You could see an adder, a goblin, a kobold and a rat.

Vanquished Creatures
  A gnoll (D:1)
  An ooze (D:1)
  A dart slug (D:1)
  A leopard gecko (D:1)
  5 bats (D:1)
  A giant cockroach (D:1)
  4 hobgoblins (D:1)
  7 jackals (D:1)
  6 kobolds (D:1)
  3 frilled lizards (D:1)
  3 goblins (D:1)
  2 rats (D:1)
35 creatures vanquished.

Notes
Turn   | Place    | Note
-------+----------+-------------------------------------------
     0 | D:1      | DildoBatman the Formicid Wizard began the quest for the
                  | Orb.
     0 | D:1      | Reached XP level 1. HP: 13/13 MP: 4/4
    38 | D:1      | Reached skill level 1 in Conjurations
   356 | D:1      | Reached XP level 2. HP: 19/19 MP: 1/6
   624 | D:1      | Reached XP level 3. HP: 24/24 MP: 5/7
  1322 | D:1      | Reached XP level 4. HP: 19/30 MP: 1/8
  1328 | D:1      | You fall into a shaft and drop 1 floor!
  1338 | D:2      | Slain by an adder

Illustrated notes

Levels and vault maps discovered:
D:1:      dpeg_arrival_round_b, layout_rooms, serial_glass, glass_columns_a,
          glass_columns_a, minmay_misc_feat_nine_boxes
D:2:      cheibrodos_old_hovel, layout_loops_ring, elyvilon_altar_1,
          minmay_pentomino_x4, uniq_crazy_yiuf_cottage

Skill      XL: |  1  2  3 |
---------------+----------+-----
Conjurations   | 1 2 3 |  3.3
Dodging        | |  1.7
Stealth        | |  2.4
Spellcasting   | |  3.2
Summonings     | |  1.0
Translocations | |  0.8

Action                   |  1- 3 |  4- 6 || total
-------------------------+-------+-------++-------
Melee: Unarmed           |     4 |       ||     4
       Whip              |    14 |       ||    14
 Cast: Magic Dart        |    81 |     1 ||    82
 Abil: Dig               |     3 |       ||     3
       Shaft Self        |       |     1 ||     1
  Eat: Chunk             |     1 |       ||     1
Armor: Robe              |     6 |     1 ||     7
Dodge: Dodged            |    21 |     8 ||    29
